 Dungeon Crawl Stone Soup version 0.31.0-4-g52a2dc7128 (webtiles) character file.

Game seed: 2992854683474221618

1081 mtoz the Trooper (level 8, -1/76 HPs)
             Began as a Gargoyle Berserker on Jan 23, 2024.
             Was a Believer of Trog.
             Slain by a black bear (10 damage)
             ... on level 5 of the Dungeon.
             The game lasted 00:15:25 (3618 turns).

mtoz the Trooper (Gargoyle Berserker)               Turns: 3618, Time: 00:15:26

Health: -1/76      AC: 15    Str: 23    XL:     8   Next: 29%
Magic:  8/8        EV: 11    Int:  8    God:    Trog [**....]
Gold:   211        SH:  0    Dex: 15    Spells: 7/7 levels left

rFire   . . .        a - +0 hand axe
rCold   . . .        (no shield)
rNeg    + . .        x - +0 scale mail
rPois   ∞            (no helmet)
rElec   +            (no cloak)
rCorr   .            k - +1 pair of gloves
SInv    +            (no boots)
Will    ++...        (no amulet) Stlth
                     o - ring of see invisible
HPRegen 1.32/turn    l - +6 ring of dexterity
MPRegen 0.11/turn

%: no passive effects
@: berserking, strong-willed, regenerating, very quick
A: sickness immunity, AC +5, negative energy resistance 1, electricity
resistance, torment resistance 1, petrification resistance
a: Renounce Religion, Berserk, Trog's Hand


You were on level 5 of the Dungeon.
You worshipped Trog.
Trog was pleased with you.
You visited 1 branch of the dungeon, and saw 5 of its levels.

You collected 211 gold pieces.

Inventory:

Hand Weapons
 a - a +0 hand axe (weapon)
 m - a +1 spear of venom
Missiles
 t - 6 silver javelins (quivered)
 y - 8 boomerangs
Armour
 b - a +2 leather armour of fire resistance
 k - a +1 pair of gloves (worn)
 x - a +0 scale mail (worn)
Jewellery
 l - a +6 ring of dexterity (right hand)
 o - a ring of see invisible (left hand)
Wands
 p - a wand of iceblast (12)
Scrolls
 s - a scroll of enchant weapon
Potions
 c - a potion of enlightenment


   Skills:
 + Level 5.7 Fighting
 + Level 4.7 Axes
 + Level 5.0 Armour
 + Level 3.8 Dodging
 + Level 3.5 Evocations


You had 7 spell levels left.
You didn't know any spells.
Your spell library was empty.

Dungeon Overview and Level Annotations

Branches:
Dungeon (5/15)
 Temple: D:4-7

Altars:
Ru

Shops:
D:2 !


Innate Abilities, Weirdness & Mutations

You are immune to sickness and miasma.
Your stone body is resilient. (AC +5)
You are immune to poison.
You resist negative energy. (rN+)
You are resistant to electric shocks. (rElec)
You are resistant to unholy torment.
You are immune to petrification.


Message History

Trog appreciates your killing of a magic user.
The black bear misses you.
The black bear claws you but does no damage.
The black bear completely misses you. The black bear bites you.
The black bear claws you.
The black bear claws you but does no damage.
You barely miss the black bear.
The black bear is almost dead.
The black bear barely misses you.
The black bear claws you but does no damage.
The black bear claws you.
You hit the black bear but do no damage.
The black bear is almost dead.
The black bear bites you!
The black bear claws you but does no damage.
The black bear barely misses you.
The black bear bites you but does no damage.
The black bear closely misses you.
The black bear claws you but does no damage.
Your skin crawls.
You feel strong-willed. The black bear bites you.
* * * LOW HITPOINT WARNING * * *
The black bear claws you but does no damage.
The black bear claws you.
* * * LOW HITPOINT WARNING * * *
The black bear barely misses you. The black bear claws you.
* * * LOW HITPOINT WARNING * * *
The black bear claws you.
* * * LOW HITPOINT WARNING * * *
Okay, then.
A red film seems to cover your vision as you go berserk!
You feel yourself moving faster!
You feel mighty!
The black bear bites you but does no damage.
The black bear claws you but does no damage.
The black bear closely misses you.
You hit the black bear.
The black bear is almost dead.
The black bear bites you!
You die...

##.#....# #.. #....# #.#
##.÷## #.# ##..###.# #.#
# #....>..# #.#
####.#...############.#
.......).<............#
###...)h)....)....##.###
#####@#.........##....
#.#.###########.## #.#.#
#........# #.#.#
#.######## #.#.# #.#
#.#.# #.# #.#.# #.# ###
#.#.# ##.###.##
############.#
##.<.#.#.##


You could see a black bear (berserk).

Vanquished Creatures
  The ghost of diceflayer the Sneak, an amateur NaGl (D:4)
  Grinder (D:5)
  Eustachio (D:5)
  An ice beast (D:5)
  A howler monkey (D:3)
  A jelly (D:4)
  2 bombardier beetles
  An orc priest (D:3)
  A hound (D:5)
  An orc wizard (D:5)
  11 adders
  2 white imps
  4 dart slugs
  A ribbon worm (D:2)
  9 orcs
  5 endoplasms
  4 giant cockroaches
  8 hobgoblins
  5 jackals
  A quokka (D:1)
  6 ball pythons
  6 bats
  3 frilled lizards
  7 goblins
  9 kobolds
  A rat (D:1)
93 creatures vanquished.

Notes
Turn   | Place    | Note
-------+----------+-------------------------------------------
     0 | D:1      | mtoz the Gargoyle Berserker began the quest for the Orb.
     0 | D:1      | Reached XP level 1. HP: 14/14 MP: 1/1
   173 | D:1      | Reached XP level 2. HP: 16/19 MP: 2/2
   347 | D:1      | Reached ** piety under Trog
   395 | D:1      | Reached XP level 3. HP: 23/23 MP: 3/3
   667 | D:2      | Reached skill level 1 in Evocations
   669 | D:2      | Reached XP level 4. HP: 28/29 MP: 4/4
  1329 | D:2      | Found Aseum's Distillery.
  1398 | D:3      | Reached XP level 5. HP: 33/33 MP: 5/5
  1746 | D:3      | Found a faded altar of an unknown god.
  1998 | D:3      | Reached XP level 6. HP: 30/39 MP: 6/6
  2340 | D:4      | Found a sacrificial altar of Ru.
  2577 | D:4      | Found a runed translucent door.
  2577 | D:4      | Noticed diceflayer's ghost (amateur NaGl)
  2632 | D:4      | Killed diceflayer's ghost
  2633 | D:4      | Reached XP level 7. HP: 44/44 MP: 7/7
  3263 | D:5      | Entered Level 5 of the Dungeon
  3282 | D:5      | Reached skill level 5 in Fighting
  3329 | D:5      | Noticed Eustachio
  3465 | D:5      | Noticed Grinder
  3474 | D:5      | Killed Grinder
  3481 | D:5      | Reached XP level 8. HP: 50/50 MP: 8/8
  3556 | D:5      | Killed Eustachio
  3557 | D:5      | Reached skill level 5 in Armour
  3618 | D:5      | Slain by a black bear

Illustrated notes

Levels and vault maps discovered:
D:1:      amcnicky_arrival_flooded_fountain, layout_basic
D:2:      layout_loops_ring, serial_shops, shop, minmay_misc_feat_hallway
D:3:      layout_loops_ring, shapermc_ecumenical_altar_mp_vishouse
D:4:      layout_basic, nicolae_ru_sacrificial_ziggurat,
          hellmonk_ghost_happy_afterlife
D:5:      layout_loops_ring, minmay_temple_entry_fiery, uniq_grinder,
          uniq_eustachio

Skill      XL: |  1  2  3  4  5  6  7  8 |
---------------+-------------------------+-----
Axes           | 3 4 |  4.7
Dodging        | 2 3 |  3.8
Evocations     | 1 2 3 |  3.5
Armour         | 3 4 5 |  5.0
Fighting       | 4 5 |  5.7

Action                     |  1- 3 |  4- 6 |  7- 9 || total
---------------------------+-------+-------+-------++-------
  Melee: Hand axe          |    65 |   215 |   111 ||   391
         Punch             |       |     2 |       ||     2
  Throw: Javelin           |       |       |     5 ||     5
 Invoke: Trog's Hand       |       |     3 |     5 ||     8
         Berserk           |       |     2 |     3 ||     5
  Evoke: Wand              |       |       |     1 ||     1
    Use: Scroll            |       |     2 |     5 ||     7
         Potion            |       |       |    12 ||    12
 Armour: Animal skin       |    38 |       |       ||    38
         Ring mail         |     3 |   112 |       ||   115
         Scale mail        |       |    30 |   181 ||   211
  Dodge: Dodged            |    54 |   128 |   116 ||   298
